 Dungeon Crawl Stone Soup version 0.17-a0-1337-ge651487 (webtiles) character file.

29 Raurakos the Insei (level 3, -1/17 HPs)
             Began as a Vine Stalker Transmuter on June 10, 2015.
             Slain by a gnoll
             ... wielding a +0 spear
              (4 damage)
             ... on level 1 of the Dungeon.
             The game lasted 00:05:00 (1004 turns).

Raurakos the Insei (Vine Stalker Transmuter)        Turns: 1004, Time: 00:05:00

Health: -1/17      AC:  3    Str: 12    XL:     3   Next: 16%
Magic:  0/7        EV: 11    Int: 13    God:
Gold:   57         SH:  0    Dex: 15    Spells: 1 memorised, 5 levels left

rFire  . . .     SeeInvis .       - Unarmed
rCold  . . .     Clarity  .     o - +0 leather armour
rNeg   . . .     SustAt   .     (no shield)
rPois  .         Gourm    .     (no helmet)
rElec  .         Spirit   +     (no cloak)
rCorr  .         Warding  .     (no gloves)
rMut   .         Stasis   .     (no boots)
MR     .....                    f - amulet of rage
Stlth  +.........               (no ring)
                                (no ring)

@: not resistant to hostile enchantments, very unstealthy
A: fangs 2, regeneration 1, magic shield, antimagic bite, no device heal 3, rot
immunity
a: Evoke Berserk Rage


You were on level 1 of the Dungeon.
You were not hungry.

You visited 1 branch of the dungeon, and saw 2 of its levels.

You collected 57 gold pieces.

Inventory:

Missiles
 a - 12 arrows
 g - 62 stones (quivered)
Armour
 o - a +0 leather armour (worn)
Jewellery
 f - an amulet of rage (around neck)
Scrolls
 e - 4 scrolls of identify {unknown}
 j - a scroll of enchant armour {unknown}
 k - a scroll of magic mapping {unknown}
Potions
 l - 2 potions of curing {unknown}
 m - 2 potions of poison {unknown}
 n - a potion of heal wounds {unknown}
Books
 c - a book of Changes

   Spells                             Type                      Level
   a - Beastly Appendage              Transmutation                1
   b - Sticks to Snakes               Transmutation                2
   c - Spider Form                    Transmutation/Poison         3
   d - Ice Form                       Ice/Transmutation            4
   e - Blade Hands                    Transmutation                5
Comestibles
 d - a bread ration
 h - a beef jerky
 i - a slice of pizza


   Skills:
 - Level 0.8 Fighting
 - Level 1.5 Dodging
 + Level 4.2 Unarmed Combat
 - Level 2.1 Spellcasting
 - Level 2.0 Transmutations


You had 5 spell levels left.
You knew the following spells:

 Your Spells              Type           Power        Failure   Level  Hunger
a - Beastly Appendage     Trmt           #.....       14%         1    ##.....


Dungeon Overview and Level Annotations

Branches:
Dungeon (2/15)

Altars:

Annotations:
D:2 Terence


Innate Abilities, Weirdness & Mutations

You have extremely sharp teeth.
Your natural rate of healing is unusually fast.
When hurt, damage is shared between your health and your magic reserves.
Your bite disrupts and absorbs the magic of your enemies.
Potions and wands cannot restore your health.
You are immune to rotting.


Message History

Terence says, "Did you write a will?
You should..."
You feel sick.
You feel sick.
You feel sick.
You feel sick.
You feel sick.
There is a stone staircase leading up here.
You climb upwards.
The gnoll shouts!
You feel sick.
You are no longer poisoned.
There is a stone staircase leading down here.
You start resting.
The gnoll hits you with a spear!
You hit the gnoll. Your bite misses the gnoll.
The gnoll is moderately wounded.
The gnoll hits you with a spear!
* * * LOW HITPOINT WARNING * * *
The gnoll hits you from afar with a spear.
You die...

.##.# #...........##############
###.####.......##............)..#
##............####.############.#
##..#####....## #.# #.# ##..#
#..#.## #.# #.# ##..# #.#..# #.#
#.# #...# #.#.## #.# #.# #.#.#
#.#g# ####.# #.# #...# #.#.#
#.@..# #.# #.#.####.#.# #.##.#
#.# .........#.# ##g##.# #.#
.........#.###...#.# #..
...#####...........# ###
....######.###...### #
...........# ##.## # ....########
#.# # ...## #.############## #


You could see a gnoll.

Vanquished Creatures
  An adder (D:2)
  A worm (D:2)
  A giant gecko (D:1)
  2 giant cockroaches
  2 goblins
  A bat (D:1)
  4 jackals (D:2)
  3 kobolds (D:1)
  4 rats
19 creatures vanquished.

Notes
Turn   | Place    | Note
--------------------------------------------------------------
     0 | D:1      | Raurakos the Vine Stalker Transmuter began the quest for the Orb.
     0 | D:1      | Reached XP level 1. HP: 9/9 MP: 4/4
   258 | D:1      | Reached XP level 2. HP: 14/14 MP: 4/6
   418 | D:2      | Reached skill level 4 in Unarmed Combat
   553 | D:2      | Reached XP level 3. HP: 14/17 MP: 5/7
   769 | D:2      | Noticed Terence
  1004 | D:1      | Slain by a gnoll

Vault maps used:
D:1:      eino_arrival_cavern_b
D:2:      xom_butterflies, uniq_terence

Action                   || total
-------------------------++-------
Melee: Unarmed           ||    68
Throw: Stone             ||    17
 Cast: Beastly Appendage ||     1
 Stab: Sleeping          ||     3
